AA - U28
ST. PETERSBURG FLYING SQUIRRELS @ BILOXI SHUCKERS
08/06/2052
 
TOP OF THE 1ST
Montgomery Biscuits batting - Pitching for Midland RockHounds : RHP Justin Cook
Pitching: RHP Justin Cook
Batting: LHB Zeke Lewis 0-0: Ground out 3-1 (Groundball, 34, EV 107.5 MPH)
Batting: LHB Darnel Boone 0-0: Ground out 6-3 (Groundball, 6, EV 77.5 MPH)
Batting: RHB Caleb Donner 0-0: Ball
1-0: Fly out, F7 (Flyball, 78S, EV 93.1 MPH)
Top of the 1st over - 0 runs, 0 hits, 0 errors, 0 left on base; Montgomery 0 - Midland 0
BOTTOM OF THE 1ST
Midland RockHounds batting - Pitching for Montgomery Biscuits : LHP Woody Bonsignore
Pitching: LHP Woody Bonsignore
Batting: RHB Josh Santoli 0-0: Ball
1-0: Ball
2-0: Foul Ball, location: 2F
2-1: Swinging Strike
2-2: Foul Ball, location: 2F
2-2: Ball
3-2: Foul Ball, location: 2F
3-2: Foul Ball, location: 2F
3-2: Foul Ball, location: 2F
3-2: Ground out 3-1 (Groundball, 13, EV 78.8 MPH)
Batting: RHB Courtland Burroughs 0-0: Called Strike
0-1: Ball
1-1: Ball
2-1: Swinging Strike
2-2: Foul Ball, location: 2F
2-2: Ball
3-2: Foul Ball, location: 2F
3-2: Ground out 6-3 (Groundball, 6, EV 84.4 MPH)
Batting: LHB Condelo Mendez 0-0: Ball
1-0: Foul Ball, location: 2F
1-1: Ball
2-1: Swinging Strike
2-2: Strikes out swinging
Bottom of the 1st over - 0 runs, 0 hits, 0 errors, 0 left on base; Montgomery 0 - Midland 0
TOP OF THE 2ND
Montgomery Biscuits batting - Pitching for Midland RockHounds : RHP Justin Cook
Batting: SHB A.J. Chisholm 0-0: Ground out U3 (Groundball, 3, EV 81.2 MPH)
Batting: RHB Greger Gannon 0-0: Ball
1-0: Ball
2-0: Foul Ball, location: 2F
2-1: Fly out, F4 (Popup, 3DF, EV 73.1 MPH)
Batting: RHB Adam McAndrew 0-0: Called Strike
0-1: Ball
1-1: Ball
2-1: Foul Ball, location: 2F
2-2: Strikes out swinging
Top of the 2nd over - 0 runs, 0 hits, 0 errors, 0 left on base; Montgomery 0 - Midland 0
BOTTOM OF THE 2ND
Midland RockHounds batting - Pitching for Montgomery Biscuits : LHP Woody Bonsignore
Batting: RHB Jameson Cooper 0-0: Called Strike
0-1: Swinging Strike
0-2: Foul Ball, location: 2F
0-2: Ball
1-2: Foul Ball, location: 2F
1-2: Ball
2-2: Ball
3-2: SINGLE (Line Drive, 89S, EV 91.9 MPH)
Batting: RHB Ryan Curet 0-0: SINGLE (Line Drive, 6D, EV 94.4 MPH)
Jameson Cooper to second
Batting: RHB Orlando Sosa 0-0: Swinging Strike
0-1: Ball
1-1: Ball
2-1: Called Strike
2-2: Foul Ball, location: 2F
2-2: Strikes out looking
Batting: RHB Jesus Vialpando 0-0: Ball
1-0: Grounds into double play, 6-4-3 (Groundball, 6, EV 102.5 MPH)
Bottom of the 2nd over - 0 runs, 2 hits, 0 errors, 1 left on base; Montgomery 0 - Midland 0
TOP OF THE 3RD
Montgomery Biscuits batting - Pitching for Midland RockHounds : RHP Justin Cook
Batting: RHB Chris Searcy 0-0: Called Strike
0-1: Swinging Strike
0-2: Strikes out looking
Batting: RHB Rick Lee 0-0: Ball
1-0: Foul Ball, location: 2F
1-1: Swinging Strike
1-2: Foul Ball, location: 2F
1-2: Strikes out looking
Batting: RHB Noah Dukes 0-0: Ground out 4-3 (Groundball, 4, EV 80.0 MPH)
Top of the 3rd over - 0 runs, 0 hits, 0 errors, 0 left on base; Montgomery 0 - Midland 0
BOTTOM OF THE 3RD
Midland RockHounds batting - Pitching for Montgomery Biscuits : LHP Woody Bonsignore
Batting: LHB Bruce Finley 0-0: Foul Ball, location: 2F
0-1: Ball
1-1: Ground out 4-3 (Groundball, 4, EV 105.6 MPH)
Batting: RHB Dino Sousa 0-0: Called Strike
0-1: Ball
1-1: Ball
2-1: Foul Ball, location: 2F
2-2: Strikes out looking
Batting: RHB Josh Santoli 0-0: Called Strike
0-1: Ground out 6-3 (Groundball, 6, EV 78.1 MPH)
Bottom of the 3rd over - 0 runs, 0 hits, 0 errors, 0 left on base; Montgomery 0 - Midland 0
TOP OF THE 4TH
Montgomery Biscuits batting - Pitching for Midland RockHounds : RHP Justin Cook
Batting: LHB Zeke Lewis 0-0: Foul Ball, location: 2F
0-1: Ball
1-1: Foul Ball, location: 2F
1-2: Foul Ball, location: 2F
1-2: SINGLE (Groundball, 34D, EV 108.1 MPH)
Batting: LHB Darnel Boone 0-0: Called Strike
0-1: Called Strike
0-2: Ball
1-2: Strikes out swinging
Batting: RHB Caleb Donner 0-0: Ball
Zeke Lewis steals 2nd base
1-0: Fly out, F4 (Popup, 34S, EV 75.0 MPH)
Batting: SHB A.J. Chisholm 0-0: Ball
1-0: Foul Ball, location: 2F
1-1: Ball
2-1: Swinging Strike
2-2: Strikes out swinging
Top of the 4th over - 0 runs, 1 hit, 0 errors, 1 left on base; Montgomery 0 - Midland 0
BOTTOM OF THE 4TH
Midland RockHounds batting - Pitching for Montgomery Biscuits : LHP Woody Bonsignore
Batting: RHB Courtland Burroughs 0-0: Ball
1-0: Foul Ball, location: 2F
1-1: Hit by Pitch
Batting: LHB Condelo Mendez 0-0: Ball
1-0: Ball
2-0: Fly out, F9 (Flyball, 9S, EV 75.6 MPH)
Batting: RHB Jameson Cooper 0-0: Called Strike
0-1: Ball
1-1: Ball
2-1: Ball
3-1: Grounds into double play, 1-4-3 (Groundball, P, EV 75.0 MPH)
Bottom of the 4th over - 0 runs, 0 hits, 0 errors, 0 left on base; Montgomery 0 - Midland 0
TOP OF THE 5TH
Montgomery Biscuits batting - Pitching for Midland RockHounds : RHP Justin Cook
Batting: RHB Greger Gannon 0-0: Called Strike
0-1: Foul Ball, location: 2F
0-2: Ball
1-2: Strikes out swinging
Batting: RHB Adam McAndrew 0-0: Foul Ball, location: 2F
0-1: Fly out, F2 (Popup, 2RF, EV 86.9 MPH)
Batting: RHB Chris Searcy 0-0: Called Strike
0-1: Fly out, F6 (Line Drive, 6, EV 73.8 MPH)
Top of the 5th over - 0 runs, 0 hits, 0 errors, 0 left on base; Montgomery 0 - Midland 0
BOTTOM OF THE 5TH
Midland RockHounds batting - Pitching for Montgomery Biscuits : LHP Woody Bonsignore
Batting: RHB Ryan Curet 0-0: Foul Ball, location: 2F
0-1: Fly out, F9 (Flyball, 9, EV 90.6 MPH)
Batting: RHB Orlando Sosa 0-0: Foul Ball, location: 2F
0-1: DOUBLE (Line Drive, 7LM, EV 106.2 MPH)
Batting: RHB Jesus Vialpando 0-0: Ball
1-0: Ball
2-0: Foul Ball, location: 2F
2-1: Foul Ball, location: 2F
2-2: TRIPLE (Groundball, 3L, EV 105.6 MPH)
Orlando Sosa scores
Batting: LHB Bruce Finley 0-0: Ball
1-0: Ball
2-0: Called Strike
2-1: SINGLE (Groundball, 4M, EV 91.2 MPH) (infield hit)
Jesus Vialpando scores
Batting: RHB Dino Sousa 0-0: Ground out U3 (Groundball, 13, EV 81.2 MPH)
Bruce Finley to second
Batting: RHB Josh Santoli 0-0: Ball
1-0: Foul Ball, location: 2F
1-1: Ball
2-1: TRIPLE (Groundball, 5L, EV 108.1 MPH)
Bruce Finley scores
Pinch Runner at 3rd Hector Cortes:
Batting: RHB Courtland Burroughs 0-0: Ball
1-0: Called Strike
1-1: Ball
2-1: Ground out 6-3 (Groundball, 6, EV 81.9 MPH)
Bottom of the 5th over - 3 runs, 4 hits, 0 errors, 1 left on base; Montgomery 0 - Midland 3
TOP OF THE 6TH
Montgomery Biscuits batting - Pitching for Midland RockHounds : RHP Justin Cook
Now at 2B: Hector Cortes
Batting: RHB Rick Lee 0-0: Swinging Strike
0-1: Ball
1-1: Swinging Strike
1-2: Foul Ball, location: 2F
1-2: Ball
2-2: Ground out 6-3 (Groundball, 6, EV 78.1 MPH)
Batting: RHB Noah Dukes 0-0: Ball
1-0: Fly out, F8 (Line Drive, 8LM, EV 110.0 MPH)
Batting: LHB Zeke Lewis 0-0: Ball
1-0: Foul Ball, location: 2F
1-1: Called Strike
1-2: Ball
2-2: Fly out, F7 (Flyball, 7D, EV 90.6 MPH)
Top of the 6th over - 0 runs, 0 hits, 0 errors, 0 left on base; Montgomery 0 - Midland 3
BOTTOM OF THE 6TH
Midland RockHounds batting - Pitching for Montgomery Biscuits : LHP Woody Bonsignore
Batting: LHB Condelo Mendez 0-0: Ball
1-0: SOLO HOME RUN (Flyball, 89XD, EV 100.0 MPH), Distance : 402 ft
Batting: RHB Jameson Cooper 0-0: Fly out, F3 (Popup, 3SF, EV 76.2 MPH)
Batting: RHB Ryan Curet 0-0: Called Strike
0-1: Ball
1-1: Called Strike
1-2: Ball
2-2: Fly out, F8 (Flyball, 8LM, EV 90.6 MPH)
Batting: RHB Orlando Sosa 0-0: Called Strike
0-1: Foul Ball, location: 2F
0-2: Foul Ball, location: 2F
0-2: Foul Ball, location: 2F
0-2: Ball
1-2: Ball
2-2: Foul Ball, location: 2F
2-2: Fly out, F8 (Flyball, 8LXD, EV 80.0 MPH)
Bottom of the 6th over - 1 run, 1 hit, 0 errors, 0 left on base; Montgomery 0 - Midland 4
TOP OF THE 7TH
Montgomery Biscuits batting - Pitching for Midland RockHounds : RHP Justin Cook
Batting: LHB Darnel Boone 0-0: Fly out, F7 (Flyball, 7LS, EV 78.8 MPH)
Batting: RHB Caleb Donner 0-0: Ball
1-0: Foul Ball, location: 2F
1-1: Swinging Strike
1-2: Ball
2-2: Ball
3-2: Ground out 5-3 (Groundball, 5S, EV 70.0 MPH)
Batting: SHB A.J. Chisholm 0-0: Ball
1-0: Ball
2-0: Called Strike
2-1: SINGLE (Line Drive, 34, EV 94.4 MPH)
Batting: RHB Greger Gannon 0-0: Ball
1-0: Swinging Strike
1-1: Called Strike
1-2: Strikes out swinging
Top of the 7th over - 0 runs, 1 hit, 0 errors, 1 left on base; Montgomery 0 - Midland 4
BOTTOM OF THE 7TH
Midland RockHounds batting - Pitching for Montgomery Biscuits : LHP Woody Bonsignore
Pitching: RHP Ramon Merino
Batting: RHB Jesus Vialpando 0-0: Ball
1-0: Foul Ball, location: 2F
1-1: Ball
2-1: Called Strike
2-2: Ground out 5-3 (Groundball, 56, EV 82.5 MPH)
Batting: LHB Bruce Finley 0-0: Foul Ball, location: 2F
0-1: Ball
1-1: Ball
2-1: Foul Ball, location: 2F
2-2: Ground out 4-3 (Groundball, 4, EV 85.0 MPH)
Batting: RHB Dino Sousa 0-0: DOUBLE (Line Drive, 78D, EV 110.6 MPH)
Batting: RHB Hector Cortes 0-0: Ground out 1-3 (Groundball, 34S, EV 66.2 MPH)
Bottom of the 7th over - 0 runs, 1 hit, 0 errors, 1 left on base; Montgomery 0 - Midland 4
TOP OF THE 8TH
Montgomery Biscuits batting - Pitching for Midland RockHounds : RHP Justin Cook
Batting: RHB Adam McAndrew 0-0: Ball
1-0: Ball
2-0: Fly out, F9 (Flyball, 9S, EV 80.0 MPH)
Batting: RHB Chris Searcy 0-0: Ball
1-0: Ball
2-0: Ball
3-0: Called Strike
3-1: Called Strike
3-2: Foul Ball, location: 2F
3-2: Foul Ball, location: 2F
3-2: Ground out 6-3 (Groundball, 56, EV 88.1 MPH)
Batting: RHB Rick Lee 0-0: Ball
1-0: Fly out, F7 (Flyball, 7D, EV 88.1 MPH)
Top of the 8th over - 0 runs, 0 hits, 0 errors, 0 left on base; Montgomery 0 - Midland 4
BOTTOM OF THE 8TH
Midland RockHounds batting - Pitching for Montgomery Biscuits : RHP Ramon Merino
Batting: RHB Courtland Burroughs 0-0: Called Strike
0-1: Swinging Strike
0-2: Ball
1-2: Foul Ball, location: 2F
1-2: Strikes out swinging
Batting: LHB Condelo Mendez 0-0: Ball
1-0: Foul Ball, location: 2F
1-1: Called Strike
1-2: Ground out 5-3 (Groundball, 5L, EV 91.2 MPH)
Batting: RHB Jameson Cooper 0-0: Swinging Strike
0-1: Ball
1-1: Foul Ball, location: 2F
1-2: Strikes out looking
Bottom of the 8th over - 0 runs, 0 hits, 0 errors, 0 left on base; Montgomery 0 - Midland 4
TOP OF THE 9TH
Montgomery Biscuits batting - Pitching for Midland RockHounds : RHP Justin Cook
Batting: RHB Noah Dukes 0-0: Reached on error, E4 (Groundball, 4, EV 84.4 MPH)
Batting: LHB Zeke Lewis 0-0: Called Strike
0-1: SINGLE (Groundball, 34D, EV 100.0 MPH)
Noah Dukes to third
Pitching: RHP Brad Galloway
Batting: LHB Darnel Boone 0-0: Ball
1-0: Fly out, F7 (Flyball, 78S, EV 84.4 MPH)
Batting: RHB Caleb Donner 0-0: Called Strike
0-1: Fielders Choice at 2nd, 6-4 (Groundball, 6, EV 82.5 MPH)
Noah Dukes scores
Batting: SHB A.J. Chisholm 0-0: Ball
1-0: Called Strike
1-1: Foul Ball, location: 2F
1-2: Ball
2-2: Ball
3-2: Fly out, F8 (Flyball, 89S, EV 88.8 MPH)
Top of the 9th over - 1 run, 1 hit, 1 error, 1 left on base; Montgomery 1 - Midland 4
Thursday, May 2nd , 2024 - OOTP Baseball 24.11 Build 85